 Dungeon Crawl Stone Soup version 0.28.0-47-ge53b351184 (webtiles) character file.

Game seed: 5658970953267862621

361 101zpm the Magician (level 6, -1/40 HPs)
             Began as a Djinni Fire Elementalist on Apr 30, 2022.
             Killed by an exploding gnoll (11 damage)
             ... ignited by their inner flame
             ... on level 4 of the Dungeon.
             The game lasted 00:12:50 (7353 turns).

101zpm the Magician (Djinni Fire Elementalist)      Turns: 7353, Time: 00:12:51

Health: -1/40      AC:  2    Str:  7    XL:     6   Next: 98%
Gold:   179        EV: 12    Int: 19    God:
                   SH:  0    Dex: 13

rFire   + + .      SeeInvis .   (no weapon)
rCold   x . .      Faith    .   (no shield)
rNeg    . . .      Spirit   .   a - +0 robe
rPois   ∞          Reflect  .   (no helmet)
rElec   .          Harm     .   (no cloak)
rCorr   .          Rampage  .   (no gloves)
Will    .....                   (boots unavailable)
Stlth   ++........              (no amulet)
HPRegen 0.13/turn               (no ring)
MPRegen 0.00/turn               (no ring)

@: flying
A: sickness immunity, fire resistance 2, cold vulnerability 1, float, innate
caster, HP casting, extra vitality 1
a: no special abilities


You were on level 4 of the Dungeon.
You visited 1 branch of the dungeon, and saw 4 of its levels.

You collected 179 gold pieces.

Inventory:

Missiles
 s - a throwing net
Armour
 a - a +0 robe (worn)
Jewellery
 g - a +6 ring of strength
Wands
 t - a wand of flame (16)
Scrolls
 b - 6 scrolls of identify {unknown}
 c - a scroll of amnesia {unknown}
 h - a scroll of enchant armour {unknown}
 i - 2 scrolls of fog {unknown}
 l - 2 scrolls of enchant weapon {unknown}
 m - a scroll of blinking {unknown}
 q - a scroll of teleportation {unknown}
 r - a scroll of fear {unknown}
Potions
 d - 4 potions of berserk rage {unknown}
 e - 2 potions of mutation {unknown}
 f - 3 potions of ambrosia {unknown}
 j - 3 potions of brilliance {unknown}
 k - a potion of might {unknown}
 n - a potion of haste {unknown}
 o - a potion of degeneration {unknown}
 p - a potion of heal wounds {unknown}
 u - a potion of curing


   Skills:
 + Level 2.5 Dodging
 + Level 2.3 Stealth
 + Level 5.3 Spellcasting


You couldn't memorise any spells.
You knew the following spells:

 Your Spells              Type           Power      Damage    Failure   Level
a - Foxfire               Conj/Fire      100%       2x1d9     1%          1
b - Scorch                Fire           50%        2d8       1%          2
c - Conjure Flame         Conj/Fire      25%        6-21      4%          3
d - Inner Flame           Hex/Fire       25%        N/A       4%          3
e - Flame Wave            Conj/Fire      25%        2d7       14%         4
f - Summon Small Mammal   Summ           100%       N/A       1%          1
g - Static Discharge      Conj/Air       25%        N/A       1%          2
Your spell library was empty.

Dungeon Overview and Level Annotations

Branches:
Dungeon (4/15)
 Temple: D:4-7

Altars:
Gozag
Nemelex Xobeh
Trog
Uskayaw

Annotations:
D:1 Terence


Innate Abilities, Weirdness & Mutations

You are immune to sickness and miasma.
You are immune to poison.
Your flesh is very heat resistant. (rF++)
You are vulnerable to cold. (rC-)
You float through the air rather than walking.
You learn spells naturally, not from books.
Your magical power is your life essence.
You have superior vitality. (+4 MHP)


Message History

Casting: Foxfire (safe; 1% risk of failure)
Press: ? - help, Q - select action, (/) - cycle Dir - look around, f - activate You conjure some foxfire!
Casting: Foxfire (safe; 1% risk of failure)
Press: ? - help, Q - select action, (/) - cycle Dir - look around, f - activate You conjure some foxfire!
You start resting.
Your foxfire dissipates! x3
You start resting.
A gnoll comes into view. It is wielding a +0 club.
Casting: Foxfire (safe; 1% risk of failure)
Confirm with . or Enter, or press ? or * to list all spells.
Aiming: Inner Flame (dangerous; 4% risk of failure)
Press: ? - help, Dir - move target, f - gnoll
Aim: a gnoll, wielding a +0 club (wandering, hasn't noticed you, chance to affect: 86%)
The gnoll is filled with an inner flame.
Casting: Foxfire (safe; 1% risk of failure)
Press: ? - help, Q - select action, (/) - cycle Dir - look around, f - activate You conjure some foxfire!
* * * LOW HITPOINT WARNING * * *
Casting: Foxfire (safe; 1% risk of failure)
Press: ? - help, Q - select action, (/) - cycle Dir - look around, f - activate You conjure some foxfire!
* * * LOW HITPOINT WARNING * * *
The foxfire hits the gnoll.
Flame seeps out of the gnoll.
The gnoll is lightly wounded.
The foxfire hits the gnoll but does no damage.
The gnoll is lightly wounded.
The gnoll is engulfed in blazing flames.
Flame seeps out of the gnoll.
Casting: Foxfire (safe; 1% risk of failure)
Press: ? - help, Q - select action, (/) - cycle Dir - look around, f - activate You conjure some foxfire!
* * * LOW HITPOINT WARNING * * *
The foxfire hits the gnoll.
The gnoll explodes!
The fiery explosion engulfs your foxfire.
Your foxfire completely resists.
The fiery explosion engulfs you! You resist.
You die...

#........##..........###
...
#........##.#####.#..#
##.....##.##.####..).)##
.
...<......))...........'
.
##.....##.##.###.....)##.
#...#.##.##.# #○#.#.## .
#:.......##.# #§###(#
#.###.##.##.###§###.#
#........##...v@v...#
#####.#########v##### #.#
#.# .. #.# #.###### #.
#.# #.##...## #. #.#
##.#.###.## #. ######.#
##...## ##.# . .......#
#.#...# #.# ## ########
##.#.## ##.########.


There were no monsters in sight!

Vanquished Creatures
  A scorpion (D:4)
  Natasha (thrice) (D:2)
  Robin (D:2)
  7 gnolls (D:4)
  3 adders
  An ufetubus (D:4)
  An adder skeleton (D:4)
  2 worms (D:2)
  A dart slug (D:1)
  3 orcs (D:4)
  7 bats (D:1)
  7 endoplasms
  4 giant cockroaches
  25 goblins
  13 hobgoblins
  2 jackals (D:4)
  3 quokkas
  4 ball pythons
  2 frilled lizards (D:1)
  8 kobolds
  8 rats
106 creatures vanquished.

Vanquished Creatures (collateral kills)
  2 goblins (D:4)
2 creatures vanquished.

Vanquished Creatures (others)
  481 foxfires
481 creatures vanquished.

Grand Total: 589 creatures vanquished

Notes
Turn   | Place    | Note
-------+----------+-------------------------------------------
     0 | D:1      | 101zpm the Djinni Fire Elementalist began the quest for the
                  | Orb.
     0 | D:1      | Reached XP level 1. HP: 15/15 MP: 0/0
   404 | D:1      | Reached XP level 2. HP: 18/21 MP: 0/0
  1000 | D:1      | Reached skill level 3 in Spellcasting
  1245 | D:1      | Reached XP level 3. HP: 23/25 MP: 0/0
  1245 | D:1      | Learned a level 1 spell: Summon Small Mammal
  2436 | D:2      | Noticed Natasha
  2440 | D:2      | Killed Natasha
  2441 | D:2      | Reached XP level 4. HP: 24/31 MP: 0/0
  3038 | D:2      | Noticed Robin
  3043 | D:2      | Noticed Terence
  3053 | D:2      | Reached XP level 5. HP: 9/35 MP: 0/0
  3053 | D:2      | Learned a level 2 spell: Static Discharge
  3232 | D:2      | Reached skill level 4 in Spellcasting
  3237 | D:2      | Killed Robin
  3706 | D:2      | Noticed Natasha
  3714 | D:2      | Killed Natasha
  4282 | D:2      | Noticed Natasha
  4286 | D:2      | Killed Natasha
  4409 | D:3      | Reached XP level 6. HP: 17/40 MP: 0/0
  5225 | D:3      | Found a sparkling altar of Nemelex Xobeh.
  5685 | D:4      | Found an opulent altar of Gozag.
  5687 | D:4      | Found a hide-covered altar of Uskayaw.
  6218 | D:4      | HP: 2/40 [spore (10)]
  6688 | D:4      | Reached skill level 5 in Spellcasting
  7143 | D:4      | Found a bloodstained altar of Trog.
  7353 | D:4      | Killed by an exploding gnoll... ignited by their inner
                  | flame

Illustrated notes

Levels and vault maps discovered:
D:1:      dpeg_arrival_morbid_curiosity, layout_loops_ring,
          grunt_decor_fettered, st_stairs_5
D:2:      layout_rooms, minmay_split_cup_large, uniq_robin, uniq_terence,
          uniq_natasha
D:3:      layout_basic, nemelex_altar_shiori
D:4:      cheibrodos_greedy_goblins, layout_loops_corners,
          nicolae_overflow_hidden_temple, trog_wizard

Skill      XL: |  1  2  3  4  5  6 |
---------------+-------------------+-----
Spellcasting   | 3 4 5 |  5.3
Stealth        | 2 |  2.3
Dodging        | |  2.5

Action                   |  1- 3 |  4- 6 || total
-------------------------+-------+-------++-------
 Cast: Foxfire           |   127 |   180 ||   307
       Scorch            |       |    12 ||    12
       Inner Flame       |       |    40 ||    40
       Static Discharge  |       |     3 ||     3
       Summon Small Mamm |       |    15 ||    15
Armor: Robe              |     2 |     6 ||     8
Dodge: Dodged            |     5 |    14 ||    19
